Map: Amygdala

Players

Elder - Winner!

  • Race: Zerg Zerg
  • Spawn Location: 7:00

squirrel

  • Race: Zerg Zerg
  • League: Master
  • Spawn Location: 1:00

VOD

Have the link to the VOD?

Description

Time

  • Played on: April 19, 2025, 11:09 p.m.
  • Length: 5:50
Show
View Real Time Build Order
Export as new Build Order

Elder Zerg - Winner!

Build Orders: Pool First 

Get SALT Encoding   

  12  0:01  Drone  
  13  0:08  Drone  
  14  0:26  Spawning Pool  
  13  0:29  Extractor  
  13  0:31  Drone  
  13  0:35  Drone  
  14  0:44  Overlord  
  14  1:03  Drone x2  
  16  1:12  Queen  
  18  1:19  Overlord  
  18  1:27  Drone  
  18  1:28  Drone  
  20  1:36  Drone  
  21  1:53  Metabolic Boost  
  21  2:01  Hatchery  
  21  2:06  Drone  
  21  2:10  Zergling x2  
  21  2:11  Zergling x2  
  23  2:20  Zergling x2  
  24  2:28  Zergling x4  
  26  2:32  Zergling x2  
  28  2:42  Zergling x2  
  29  2:45  Hatchery  
  29  2:47  Drone, Baneling Nest  
  28  2:56  Zergling x2  
  28  2:57  Zergling x2  
  30  3:01  Overlord  
  30  3:09  Overlord  
  30  3:25  Zergling x8  
  34  3:32  Queen  
  36  3:43  Zergling x2  
  37  4:00  Zergling x4  
  37  4:01  Zergling x6  
  41  4:09  Zergling x2  
  42  4:14  Zergling x2  
  43  4:48  Zergling x2  
  43  4:49  Zergling x10  
  43  5:03  Baneling  
  43  5:04  Baneling x20  
Show
View Real Time Build Order
Export as new Build Order

squirrel Zerg 

Build Orders: Pool First 

Get SALT Encoding   

  12  0:02  Drone  
  13  0:13  Drone  
  14  0:28  Spawning Pool  
  13  0:32  Drone, Extractor  
  13  0:36  Drone  
  14  0:45  Overlord  
  14  0:51  Drone, Extractor  
  14  1:15  Zergling x4  
  16  1:31  Zergling x2  
  17  1:34  Metabolic Boost  
  17  1:44  Queen  
  19  1:58  Drone x2  
  19  1:59  Drone  
  22  2:48  Lair  
  22  3:00  Hatchery  
  22  3:05  Overlord  
  21  3:06  Drone  
  22  3:35  Zergling x4  
  23  3:59  Zergling x8  
  23  4:00  Zergling x4  
Tags
 
League
Master
Matchup
ZvZ
Race
Zerg
Spawn Locations
Cross Positions
Add a new tag
Caveats
  • Supply blocks, unpowered buildings, or Contaminate may cause inaccurate times.
  • Supply counts are checked every 10 seconds.